IL
BUFFALO BISONS @ TOLEDO MUD HENS
06/20/1982
 
TOP OF THE 1ST
Buffalo Bisons batting - Pitching for Toledo Mud Hens : RHP Douglas Mathey
Pitching: RHP Douglas Mathey
Batting: RHB Juan Villa 0-0: Ball
1-0: Foul Ball, location: 2F
1-1: Ground out 6-3 (Groundball, 6, EV 101.3 MPH)
Batting: LHB Phillip Baskerville 0-0: Ball
1-0: Ball
2-0: Reached on error, E5 (Groundball, 56, EV 81.9 MPH)
Batting: SHB George D Wright 0-0: Called Strike
0-1: SINGLE (Line Drive, 78M, EV 103.8 MPH)
Phillip Baskerville to second
Batting: LHB Gary Rajsich 0-0: Ball
1-0: Ball
2-0: Foul Ball, location: 2F
2-1: SINGLE (Line Drive, 3D, EV 106.9 MPH)
Phillip Baskerville to third
George D Wright to second
Runner from 3rd tries for Home, SAFE, throw by RF to home
Batting: RHB Bill Bathe 0-0: Foul Ball, location: 2F
0-1: Called Strike
0-2: Strikes out swinging
Batting: LHB Bob Skube 0-0: Ball
1-0: Swinging Strike
1-1: Ball
2-1: Ball
3-1: Swinging Strike
3-2: Strikes out looking
Top of the 1st over - 1 run, 2 hits, 1 error, 2 left on base; Buffalo 1 - Toledo 0
BOTTOM OF THE 1ST
Toledo Mud Hens batting - Pitching for Buffalo Bisons : RHP Jeff Reardon
Pitching: RHP Jeff Reardon
Batting: RHB Joey McEndree 0-0: Ball
1-0: Ball
2-0: Ball
3-0: Called Strike
3-1: Called Strike
3-2: Ground out 4-3 (Groundball, 34, EV 100.6 MPH)
Batting: LHB Ron Diggle 0-0: Ball
1-0: Ball
2-0: Ball
3-0: Called Strike
3-1: Base on Balls
Batting: LHB Jerry Tabb 0-0: Swinging Strike
0-1: Fly out, F7 (Flyball, 78D, EV 97.5 MPH)
Batting: RHB John Guarino 0-0: Foul Ball, location: 2F
0-1: Ball
1-1: Foul Ball, location: 2F
1-2: Foul Ball, location: 2F
1-2: Ball
2-2: Foul Ball, location: 2F
2-2: Foul Ball, location: 2F
2-2: Ball
3-2: Foul Ball, location: 2F
3-2: Fly out, F5 (Flyball, 5D, EV 89.4 MPH)
Bottom of the 1st over - 0 runs, 0 hits, 0 errors, 1 left on base; Buffalo 1 - Toledo 0
TOP OF THE 2ND
Buffalo Bisons batting - Pitching for Toledo Mud Hens : RHP Douglas Mathey
Batting: RHB Pat Keedy 0-0: Called Strike
0-1: Ball
1-1: Foul Ball, location: 2F
1-2: Foul Ball, location: 2F
1-2: Foul Ball, location: 2F
1-2: Ball
2-2: Ball
3-2: Fly out, F7 (Flyball, 78S, EV 83.8 MPH)
Batting: RHB Carlos Matamoros 0-0: Ground out 4-3 (Groundball, 4, EV 83.1 MPH)
Batting: RHB Nicholas Kintz 0-0: Called Strike
0-1: Ball
1-1: Foul Ball, location: 2F
1-2: Ball
2-2: Fly out, F9 (Flyball, 9LS, EV 88.8 MPH)
Top of the 2nd over - 0 runs, 0 hits, 0 errors, 0 left on base; Buffalo 1 - Toledo 0
BOTTOM OF THE 2ND
Toledo Mud Hens batting - Pitching for Buffalo Bisons : RHP Jeff Reardon
Batting: RHB Milt Jefferson 0-0: Ground out 6-3 (Groundball, 6S, EV 81.9 MPH)
Batting: LHB Rich Coggins 0-0: Called Strike
0-1: Ball
1-1: Fly out, F7 (Flyball, 7D, EV 95.6 MPH)
Batting: RHB Dennis Odom 0-0: Ball
1-0: Fly out, F8 (Line Drive, 8LD, EV 85.0 MPH)
Bottom of the 2nd over - 0 runs, 0 hits, 0 errors, 0 left on base; Buffalo 1 - Toledo 0
TOP OF THE 3RD
Buffalo Bisons batting - Pitching for Toledo Mud Hens : RHP Douglas Mathey
Batting: RHB Juan Villa 0-0: Called Strike
0-1: Ball
1-1: Ball
2-1: Foul Ball, location: 2F
2-2: Ball
3-2: Base on Balls
Batting: LHB Phillip Baskerville 0-0: Called Strike
0-1: Called Strike
0-2: Ball
1-2: Strikes out swinging
Juan Villa steals 2nd base (no throw)
Batter strikes out.
Batting: SHB George D Wright 0-0: Ball
1-0: Called Strike
1-1: SINGLE (Line Drive, 78S, EV 99.4 MPH)
Juan Villa to third
Runner from 3rd tries for Home, SAFE, throw by LF to home
Batting: LHB Gary Rajsich 0-0: Called Strike
0-1: Ball
1-1: Fielders Choice at 2nd, 4-6 (Groundball, 4, EV 76.9 MPH)
Batting: RHB Bill Bathe 0-0: Ball
1-0: Foul Ball, location: 2F
1-1: Fly out, F9 (Flyball, 9D, EV 92.5 MPH)
Top of the 3rd over - 1 run, 1 hit, 0 errors, 1 left on base; Buffalo 2 - Toledo 0
BOTTOM OF THE 3RD
Toledo Mud Hens batting - Pitching for Buffalo Bisons : RHP Jeff Reardon
Batting: LHB George LaCoe 0-0: Called Strike
0-1: Swinging Strike
0-2: Foul Ball, location: 2F
0-2: Ball
1-2: Strikes out swinging
Batting: RHB Larry Patterson 0-0: Ball
1-0: Ball
2-0: Ball
3-0: Called Strike
3-1: Fly out, F9 (Flyball, 89D, EV 99.4 MPH)
Batting: RHB Joey McEndree 0-0: Ground out 6-3 (Groundball, 6, EV 86.3 MPH)
Bottom of the 3rd over - 0 runs, 0 hits, 0 errors, 0 left on base; Buffalo 2 - Toledo 0
TOP OF THE 4TH
Buffalo Bisons batting - Pitching for Toledo Mud Hens : RHP Douglas Mathey
Batting: LHB Bob Skube 0-0: Called Strike
0-1: SINGLE (Groundball, 6M, EV 101.9 MPH) (infield hit)
Batting: RHB Pat Keedy 0-0: Called Strike
Bob Skube steals 2nd base
0-1: Foul Ball, location: 2F
0-2: Ball
1-2: Ball
2-2: Ball
3-2: Strikes out looking
Batting: RHB Carlos Matamoros 0-0: Called Strike
0-1: Ball
1-1: Swinging Strike
1-2: Foul Ball, location: 2F
1-2: Ball
2-2: Ball
3-2: Foul Ball, location: 2F
3-2: Fly out, F5 (Popup, 5S, EV 78.8 MPH)
Batting: RHB Nicholas Kintz 0-0: Ball
1-0: Ball
2-0: Ball
3-0: Called Strike
3-1: Base on Balls
Batting: RHB Juan Villa 0-0: Ball
1-0: Ground out 5-3 (Groundball, 15, EV 93.8 MPH)
Top of the 4th over - 0 runs, 1 hit, 0 errors, 2 left on base; Buffalo 2 - Toledo 0
BOTTOM OF THE 4TH
Toledo Mud Hens batting - Pitching for Buffalo Bisons : RHP Jeff Reardon
Batting: LHB Ron Diggle 0-0: Ground out 1-3 (Groundball, 15, EV 60.6 MPH)
Batting: LHB Jerry Tabb 0-0: Ball
1-0: Ball
2-0: Ball
3-0: Called Strike
3-1: Ground out 6-3 (Groundball, 6, EV 94.4 MPH)
Batting: RHB John Guarino 0-0: Foul Ball, location: 2F
0-1: Ground out 5-3 (Groundball, 56S, EV 83.8 MPH)
Bottom of the 4th over - 0 runs, 0 hits, 0 errors, 0 left on base; Buffalo 2 - Toledo 0
TOP OF THE 5TH
Buffalo Bisons batting - Pitching for Toledo Mud Hens : RHP Douglas Mathey
Batting: LHB Phillip Baskerville 0-0: Called Strike
0-1: Foul Ball, location: 2F
0-2: Ball
1-2: Ball
2-2: Foul Ball, location: 2F
2-2: Strikes out swinging, 2-3 out at first.
Batting: SHB George D Wright 0-0: Ball
1-0: SINGLE (Line Drive, 8RS, EV 114.4 MPH)
Batting: LHB Gary Rajsich 0-0: Called Strike
George D Wright steals 2nd base
0-1: Ball
1-1: Foul Ball, location: 2F
1-2: Fly out, F7 (Line Drive, 7, EV 110.0 MPH)
Batting: RHB Bill Bathe 0-0: Foul Ball, location: 2F
0-1: Ball
1-1: Ball
2-1: Ball
3-1: Swinging Strike
3-2: Ground out U3 (Groundball, 34S, EV 84.4 MPH)
Top of the 5th over - 0 runs, 1 hit, 0 errors, 1 left on base; Buffalo 2 - Toledo 0
BOTTOM OF THE 5TH
Toledo Mud Hens batting - Pitching for Buffalo Bisons : RHP Jeff Reardon
Batting: RHB Milt Jefferson 0-0: Ball
1-0: Ball
2-0: Ball
3-0: Base on Balls
Batting: LHB Rich Coggins 0-0: Ball
Milt Jefferson steals 2nd base
1-0: Called Strike
1-1: Ball
2-1: Ball
3-1: Fly out, F5 (Popup, 5F, EV 73.1 MPH)
Batting: RHB Dennis Odom 0-0: Ball
1-0: Ball
2-0: Ball
3-0: Called Strike
3-1: Foul Ball, location: 2F
3-2: Fly out, F4 (Flyball, 34D, EV 95.6 MPH)
Batting: LHB George LaCoe 0-0: Ball
1-0: Ball
2-0: TRIPLE (Flyball, 78XD, EV 97.5 MPH)
Milt Jefferson scores
Batting: RHB Larry Patterson 0-0: Swinging Strike
0-1: Called Strike
0-2: Strikes out swinging
Bottom of the 5th over - 1 run, 1 hit, 0 errors, 1 left on base; Buffalo 2 - Toledo 1
TOP OF THE 6TH
Buffalo Bisons batting - Pitching for Toledo Mud Hens : RHP Douglas Mathey
Batting: LHB Bob Skube 0-0: Ball
1-0: SINGLE (Groundball, 34D, EV 96.3 MPH)
Batting: RHB Pat Keedy 0-0: Called Strike
Bob Skube steals 2nd base
0-1: DOUBLE (Flyball, 78XD, EV 105.0 MPH)
Bob Skube scores
Batting: RHB Carlos Matamoros 0-0: Sac Bunt to 15S - play at first, batter safe!
Pat Keedy to third
Batting: RHB Nicholas Kintz 0-0: Ball
1-0: Called Strike
1-1: Grounds into double play, 6-4-3 (Groundball, 6, EV 84.4 MPH)
Pat Keedy scores
Batting: RHB Juan Villa 0-0: Ball
1-0: Fly out, F9 (Line Drive, 9, EV 91.3 MPH)
Top of the 6th over - 2 runs, 3 hits, 0 errors, 0 left on base; Buffalo 4 - Toledo 1
BOTTOM OF THE 6TH
Toledo Mud Hens batting - Pitching for Buffalo Bisons : RHP Jeff Reardon
Batting: RHB Joey McEndree 0-0: Ball
1-0: Swinging Strike
1-1: Ball
2-1: Ball
3-1: Foul Ball, location: 2F
3-2: Fly out, F9 (Flyball, 9D, EV 100.6 MPH)
Batting: LHB Ron Diggle 0-0: Ball
1-0: Foul Ball, location: 2F
1-1: SINGLE (Line Drive, 56D, EV 99.4 MPH)
Batting: LHB Jerry Tabb 0-0: Called Strike
0-1: Ball
1-1: Foul Ball, location: 2F
1-2: 2-RUN HOME RUN (Flyball, 8LXD, EV 101.3 MPH), Distance : 420 ft
Batting: RHB John Guarino 0-0: DOUBLE (Line Drive, 5D, EV 96.3 MPH)
Batting: RHB Milt Jefferson 0-0: Ball
1-0: Ball
2-0: Called Strike
2-1: Swinging Strike
2-2: Strikes out looking
Batting: LHB Rich Coggins 0-0: Fly out, F7 (Flyball, 7LM, EV 88.8 MPH)
Bottom of the 6th over - 2 runs, 3 hits, 0 errors, 1 left on base; Buffalo 4 - Toledo 3
TOP OF THE 7TH
Buffalo Bisons batting - Pitching for Toledo Mud Hens : RHP Douglas Mathey
Batting: LHB Phillip Baskerville 0-0: Called Strike
0-1: Ball
1-1: Ball
2-1: Foul Ball, location: 2F
2-2: Fly out, F7 (Line Drive, 7D, EV 91.3 MPH)
Batting: SHB George D Wright 0-0: Swinging Strike
0-1: Foul Ball, location: 2F
0-2: Ball
1-2: Foul Ball, location: 2F
1-2: Ball
2-2: Ball
3-2: Foul Ball, location: 2F
3-2: Foul Ball, location: 2F
3-2: Strikes out swinging
Batting: LHB Gary Rajsich 0-0: Ball
1-0: Ball
2-0: Fly out, F7 (Flyball, 78S, EV 75.6 MPH)
Top of the 7th over - 0 runs, 0 hits, 0 errors, 0 left on base; Buffalo 4 - Toledo 3
BOTTOM OF THE 7TH
Toledo Mud Hens batting - Pitching for Buffalo Bisons : RHP Jeff Reardon
Batting: RHB Dennis Odom 0-0: Fly out, F8 (Flyball, 8RD, EV 95.0 MPH)
Batting: LHB George LaCoe 0-0: Ball
1-0: Ball
2-0: Ball
3-0: Called Strike
3-1: Fly out, F9 (Flyball, 89D, EV 91.9 MPH)
Batting: RHB Larry Patterson 0-0: Called Strike
0-1: Ground out 6-3 (Groundball, 6, EV 103.1 MPH)
Bottom of the 7th over - 0 runs, 0 hits, 0 errors, 0 left on base; Buffalo 4 - Toledo 3
TOP OF THE 8TH
Buffalo Bisons batting - Pitching for Toledo Mud Hens : RHP Douglas Mathey
Batting: RHB Bill Bathe 0-0: SINGLE (Groundball, 34D, EV 94.4 MPH)
Batting: LHB Bob Skube 0-0: SINGLE (Line Drive, 9S, EV 96.3 MPH)
Bill Bathe to second
Runner from 2nd tries for 3rd, SAFE, throw by RF made to third
Batting: RHB Pat Keedy 0-0: Ground out 6-3 (Groundball, 6, EV 102.5 MPH)
Bob Skube to second
Batting: RHB Carlos Matamoros 0-0: Ball
1-0: DOUBLE (Line Drive, 9LM, EV 110.6 MPH)
Bill Bathe scores
Bob Skube scores
Pitching: RHP Carlos Diaz
Batting: RHB Nicholas Kintz 0-0: SINGLE (Line Drive, 9LS, EV 89.4 MPH)
Carlos Matamoros to third
Runner from 3rd tries for Home, SAFE, throw by RF to home
Batting: RHB Juan Villa 0-0: Foul Ball, location: 2F
0-1: Ball
1-1: Fielders Choice at 2nd, 4-6 (Groundball, 34, EV 104.4 MPH)
Batting: LHB Phillip Baskerville 0-0: Swinging Strike
0-1: Called Strike
Juan Villa steals 2nd base (no throw)
0-2: Ball
1-2: Strikes out swinging
Top of the 8th over - 3 runs, 4 hits, 0 errors, 1 left on base; Buffalo 7 - Toledo 3
BOTTOM OF THE 8TH
Toledo Mud Hens batting - Pitching for Buffalo Bisons : RHP Jeff Reardon
Batting: RHB Joey McEndree 0-0: Ball
1-0: Ball
2-0: Foul Ball, location: 2F
2-1: Foul Ball, location: 2F
2-2: Ground out 1-3 (Groundball, 13S, EV 66.9 MPH)
Batting: LHB Ron Diggle 0-0: Ground out 6-3 (Groundball, 6M, EV 85.0 MPH)
Batting: LHB Jerry Tabb 0-0: Swinging Strike
0-1: Ball
1-1: Foul Ball, location: 2F
1-2: Ball
2-2: Strikes out looking
Bottom of the 8th over - 0 runs, 0 hits, 0 errors, 0 left on base; Buffalo 7 - Toledo 3
TOP OF THE 9TH
Buffalo Bisons batting - Pitching for Toledo Mud Hens : RHP Carlos Diaz
Batting: SHB George D Wright 0-0: Ground out 2-3 (Groundball, 2L, EV 73.8 MPH)
Batting: LHB Gary Rajsich 0-0: Swinging Strike
0-1: Swinging Strike
0-2: Foul Ball, location: 2F
0-2: Ball
1-2: Strikes out looking
Batting: RHB Bill Bathe 0-0: Fly out, F7 (Flyball, 7, EV 93.1 MPH)
Top of the 9th over - 0 runs, 0 hits, 0 errors, 0 left on base; Buffalo 7 - Toledo 3
BOTTOM OF THE 9TH
Toledo Mud Hens batting - Pitching for Buffalo Bisons : RHP Jeff Reardon
Batting: RHB John Guarino 0-0: Swinging Strike
0-1: Swinging Strike
0-2: Foul Ball, location: 2F
0-2: Ball
1-2: Foul Ball, location: 2F
1-2: Foul Ball, location: 2F
1-2: Foul Ball, location: 2F
1-2: Strikes out swinging
Batting: RHB Milt Jefferson 0-0: Ground out 2-3 (Groundball, 15S, EV 65.0 MPH)
Batting: LHB Rich Coggins 0-0: Ball
1-0: Ball
2-0: Foul Ball, location: 2F
2-1: Fly out, F6 (Line Drive, 6, EV 62.5 MPH)
Bottom of the 9th over - 0 runs, 0 hits, 0 errors, 0 left on base; Buffalo 7 - Toledo 3
Monday, August 10th, 2020 - OOTP Baseball 21.5 Build 76